 Dungeon Crawl Stone Soup version 0.23-b1-51-gfe822ef6ca (webtiles) character file.

Game seed: 2173398509077842943

3472 Laan the Cleaver (level 10, -6/64 HPs)
             Began as a Gargoyle Fighter on Feb 4, 2019.
             Was an Initiate of the Shining One.
             Mangled by an orc warrior
             ... wielding a +0 war axe
              (21 damage)
             ... in a bailey.
             The game lasted 00:13:45 (6089 turns).

Laan the Cleaver (Gargoyle Fighter)                 Turns: 6089, Time: 00:13:45

Health: -6/64      AC: 18    Str: 19    XL:     10   Next: 6%
Magic:  10/10      EV:  8    Int: 12    God:    the Shining One [......]
Gold:   277        SH: 11    Dex:  9    Spells: 9/9 levels left

rFire    . . .     SeeInvis .   q - +3 hand axe of the Hero {venom, rN+++ Str-4 Int+3}
rCold    . . .     Gourm    .   c - +0 shield
rNeg     + + +     Faith    .   b - +0 scale mail
rPois    ∞         Spirit   .   A - +1 helmet
rElec    +         Reflect  .   g - +0 cloak
rCorr    .         Harm     .   (no gloves)
MR       .....                  o - +0 pair of boots
Stlth    ..........             (no amulet)
HPRegen  0.20/turn              (no ring)
MPRegen  0.12/turn              (no ring)

@: glowing
A: negative energy resistance 1, electricity resistance, unbreathing,
petrification resistance, rot immunity, AC +7
a: Renounce Religion


You were in a bailey.
You worshipped the Shining One.
The Shining One was noncommittal.
You were hungry.

You visited 2 branches of the dungeon, and saw 8 of its levels.
You also visited: Bailey.

You collected 337 gold pieces.
You spent 60 gold pieces at shops.

Inventory:

Hand Weapons
 a - a +0 war axe
 q - the +3 hand axe of the Hero (weapon) {venom, rN+++ Str-4 Int+3}
   (You found it on level 4 of the Dungeon)

   It poisons the flesh of those it strikes.
   It affects your strength (-4).
   It affects your intelligence (+3).
   It renders you almost immune to negative energy.
Armour
 b - a +0 scale mail (worn)
 c - a +0 shield (worn)
 g - a +0 cloak (worn)
 o - a +0 pair of boots (worn)
 A - a +1 helmet (worn)
Jewellery
 x - an uncursed amulet of the acrobat {unknown}
Wands
 d - a wand of enslavement (9)
 u - a wand of digging (4)
 w - a wand of paralysis (7)
Scrolls
 h - 5 scrolls of remove curse
 j - 3 scrolls of amnesia
 l - 2 scrolls of identify
 p - 2 scrolls of magic mapping {unknown}
 s - a scroll of blinking
 v - a scroll of enchant armour {unknown}
 y - 4 scrolls of teleportation
 B - a scroll of enchant weapon {unknown}
Potions
 e - 2 potions of curing
 i - a potion of invisibility {unknown}
 k - a potion of ambrosia {unknown}
 n - a potion of flight {unknown}
 r - a potion of lignification {unknown}
 t - a potion of brilliance {unknown}
Comestibles
 f - 15 rations
 z - 31 chunks of flesh


   Skills:
 + Level 8.3 Fighting
 * Level 9.3 Axes
 - Level 3.2 Armour
 + Level 8.4 Shields


You had 9 spell levels left.
You didn't know any spells.
Your spell library was empty.

Dungeon Overview and Level Annotations

Branches:
Dungeon (7/15)             Temple (1/1) D:5

Altars:
Ashenzari
Cheibriados
Dithmenos
Elyvilon
Fedhas
Gozag
Hepliaklqana
Kikubaaqudgha
Makhleb
Nemelex Xobeh
Okawaru
Qazlal
Ru
Sif Muna
Trog
Uskayaw
Vehumet
Wu Jian
Xom
Yredelemnul
Zin
The Shining One

Shops:
D:6 [?(!   D:7 ?

Annotations:
D:3 Kohma's ghost, novice FoFi


Innate Abilities, Weirdness & Mutations

You are resistant to torment.
Your stone body is resilient. (AC +7)
You are immune to poison.
You resist negative energy. (rN+)
You are resistant to electric shocks. (rElec)
You can survive without breathing.
You are immune to petrification.
You are immune to rotting.


Message History

Your shield and scale mail prevent you from hitting the orc knight.
The orc knight is almost dead.
The orc knight hits you but does no damage.
An orc warrior comes into view. It is wielding a +0 war axe.
You hit the orc knight.
You kill the orc knight!
Your Axes skill increases to level 9!
You have reached level 10!
You completely miss the orc warrior. You block the orc warrior's attack.
You slash the orc warrior!
The orc warrior is poisoned.
The orc warrior is moderately wounded.
You hit the orc warrior but do no damage.
The orc warrior looks as sick as possible!
The orc warrior is moderately wounded.
You block the orc warrior's attack.
You hit the orc warrior.
The orc warrior looks as sick as possible!
The orc warrior is severely wounded.
The orc warrior hits you with a +0 war axe!!
You die...

##.....##
####)##
##..)))##
#.......#
##.......##
#.........#
##...).....#
#...))⌠.....#
##@).......##
#o.)......#
##)).....##
'.......#
.##.....## .g
####### ..
... ...


You could see an orc warrior.

Vanquished Creatures
  An orc knight (Bailey)
  Pikel (D:6)
  A spriggan (D:7)
  A hungry ghost (D:6)
  Menkaure (D:6)
  Duvessa (D:6)
  2 slaves (D:6)
  4 orc warriors
  A sky beast (D:5)
  2 ogres
  2 centaurs
  A big kobold (D:4)
  3 bullfrogs
  Dowan (D:6)
  3 scorpions
  A water moccasin skeleton (D:7)
  A crimson imp (D:7)
  Crazy Yiuf (D:5)
  A hound (D:7)
  An orc priest (D:3)
  3 orc wizards
  2 iguanas
  4 worker ants
  A hound skeleton (D:7)
  A howler monkey zombie (D:7)
  2 worker ant zombies (D:4)
  6 gnolls
  13 adders
  2 shadow imps
  4 oozes
  An adder zombie (D:6)
  An adder skeleton (D:5)
  3 worms
  2 dart slugs
  6 leopard geckos
  21 orcs
  4 giant cockroaches
  11 goblins
  13 hobgoblins
  13 jackals
  14 kobolds
  A quokka (D:6)
  2 ball pythons
  A ball python zombie (D:4)
  11 bats
  8 frilled lizards
  2 jackal skeletons
  3 leopard gecko skeletons
  A leopard gecko zombie (D:4)
  2 quokka skeletons
  3 quokka zombies
  10 rats
201 creatures vanquished.

Vanquished Creatures (others)
  4 toadstools (D:1)
4 creatures vanquished.

Grand Total: 205 creatures vanquished

Notes
Turn   | Place    | Note
-------+----------+-------------------------------------------
     0 | D:1      | Laan the Gargoyle Fighter began the quest for the Orb.
     0 | D:1      | Reached XP level 1. HP: 14/14 MP: 1/1
    20 | D:1      | Reached skill level 2 in Axes
   103 | D:1      | Reached XP level 2. HP: 19/19 MP: 2/2
   231 | D:1      | Found a shattered altar of Ashenzari.
   376 | D:1      | Reached XP level 3. HP: 23/23 MP: 3/3
   793 | D:2      | Found a hazy altar of Hepliaklqana.
   808 | D:2      | Reached skill level 3 in Axes
   808 | D:2      | Reached XP level 4. HP: 22/29 MP: 4/4
  1613 | D:3      | Reached XP level 5. HP: 33/33 MP: 5/5
  2393 | D:4      | Reached skill level 4 in Axes
  2404 | D:4      | Reached XP level 6. HP: 39/39 MP: 6/6
  2447 | D:4      | Found a stormy altar of Qazlal.
  2447 | D:4      | Found a blossoming altar of Fedhas.
  2630 | D:4      | Got a dazzling hand axe
  2663 | D:4      | Found an opulent altar of Gozag.
  2670 | D:4      | Found a deep blue altar of Sif Muna.
  2737 | D:4      | Found a burning altar of Makhleb.
  3009 | D:4      | Found a runed translucent gate.
  3009 | D:4      | Found a runed translucent gate.
  3009 | D:4      | Found a runed translucent gate.
  3009 | D:4      | Noticed Kohma's ghost (novice FoFi)
  3010 | D:4      | Identified the +4 whip of the Pyrrhic Victory {elec, Int+2}
  3086 | D:5      | Entered Level 5 of the Dungeon
  3099 | D:5      | Noticed an angel
  3100 | D:5      | Found a shimmering altar of Xom.
  3100 | D:5      | Found a glowing silver altar of Zin.
  3115 | D:5      | Reached skill level 5 in Shields
  3193 | D:5      | Found a staircase to the Ecumenical Temple.
  3324 | D:5      | Noticed a sky beast
  3334 | D:5      | Killed a sky beast
  3334 | D:5      | Reached skill level 5 in Fighting
  3334 | D:5      | Reached skill level 5 in Axes
  3334 | D:5      | Reached XP level 7. HP: 42/44 MP: 7/7
  3420 | D:5      | Found a runed translucent door.
  3421 | D:5      | Noticed Crazy Yiuf
  3438 | D:5      | Killed Crazy Yiuf
  3648 | D:5      | Identified the +3 hand axe of the Hero {venom, rN+++ Str-4
                  | Int+3} (You found it on level 4 of the Dungeon)
  4551 | D:6      | Found Hamuwob's Distillery.
  4567 | D:6      | Reached skill level 6 in Axes
  4567 | D:6      | Reached XP level 8. HP: 43/51 MP: 8/8
  4730 | D:6      | Bought a potion of heal wounds for 60 gold pieces
  4843 | D:6      | Noticed Dowan
  4844 | D:6      | Noticed Duvessa
  4852 | D:6      | Killed Duvessa
  4852 | D:6      | Killed Dowan
  4898 | D:6      | Found Etroxol's Magic Scroll Boutique.
  4920 | Temple   | Entered the Ecumenical Temple
  5058 | D:6      | Reached skill level 7 in Axes
  5110 | D:6      | Noticed Pikel
  5112 | D:6      | Found a glowing golden altar of the Shining One.
  5123 | D:6      | Paralysed by Pikel for 4 turns
  5134 | D:6      | Killed Pikel
  5134 | D:6      | Reached XP level 9. HP: 57/57 MP: 9/9
  5144 | D:6      | Became a worshipper of the Shining One
  5253 | D:6      | Noticed Menkaure
  5264 | D:6      | Killed Menkaure
  5268 | D:6      | Found Canuah's Antique Armour Shoppe.
  5325 | D:6      | Found Varioc's Weapon Emporium.
  5471 | D:6      | Reached skill level 8 in Axes
  5559 | D:7      | Found a flagged portal.
  5583 | D:7      | Found a shadowy altar of Dithmenos.
  5616 | D:7      | Found an ancient bone altar of Kikubaaqudgha.
  5693 | D:7      | Found a hide-covered altar of Uskayaw.
  5696 | D:7      | Found a sacrificial altar of Ru.
  5699 | D:7      | Found a sparkling altar of Nemelex Xobeh.
  5778 | D:7      | Found a white marble altar of Elyvilon.
  5956 | D:7      | Found Veuz's Magic Scroll Emporium.
  5970 | Bailey   | Entered a bailey
  6060 | Bailey   | Noticed an orc knight
  6085 | Bailey   | Killed an orc knight
  6085 | Bailey   | Reached skill level 9 in Axes
  6085 | Bailey   | Reached XP level 10. HP: 14/64 MP: 10/10
  6089 | Bailey   | Mangled by an orc warrior

Skill      XL: |  1  2  3  4  5  6  7  8  9 |
---------------+----------------------------+-----
Axes           | 2 3 4 5 6 7 9 |  9.3
Shields        | 4 5 7 8 |  8.4
Fighting       | 4 5 7 8 |  8.3
Armour         | |  3.2

Action                   |  1- 3 |  4- 6 |  7- 9 | 10-12 || total
-------------------------+-------+-------+-------+-------++-------
Melee: War axe           |   116 |   229 |    18 |       ||   363
       Hand axe          |       |       |   282 |     4 ||   286
  Use: Scroll            |       |     5 |     1 |       ||     6
       Potion            |       |     1 |     4 |       ||     5
  Eat: Chunk             |       |     8 |     9 |       ||    17
       Ration            |       |       |     1 |       ||     1
Armor: Scale mail        |    75 |   133 |   116 |       ||   324
Dodge: Dodged            |    45 |    89 |    72 |       ||   206
Block: Shield            |    70 |   131 |   130 |     2 ||   333
